 Dungeon Crawl Stone Soup version 0.23-a0-204-g3eb00d1601 (webtiles) character file.

423 Rrauwl the Caller (level 6, -7/46 HPs)
             Began as a Barachi Summoner on Sept 24, 2018.
             Mangled by an ogre
             ... wielding a +0 giant club
              (18 damage)
             ... on level 5 of the Dungeon.
             The game lasted 00:19:43 (4209 turns).

Rrauwl the Caller (Barachi Summoner)                Turns: 4209, Time: 00:19:44

Health: -7/46      AC:  6    Str: 11    XL:     6   Next: 95%
Magic:  0/10       EV: 12    Int: 16    God:
Gold:   199        SH:  5    Dex: 12    Spells: 4/11 levels left

rFire    . . .     SeeInvis .   a - +0 spear (pain)
rCold    . . .     Gourm    .   b - +1 buckler
rNeg     . . .     Faith    .   i - +0 leather armour
rPois    .         Spirit   .   o - +0 helmet
rElec    .         Reflect  .   f - +0 cloak
rCorr    .         Harm     .   (no gloves)
MR       .....                  k - +0 pair of boots
Stlth    ++........             (no amulet)
HPRegen  0.15/turn              d - +2 ring of slaying
MPRegen  0.12/turn              g - ring of wizardry

@: can't hop, very slightly contaminated, slow
A: +LOS, swims, slowness 1, strong legs 1
a: Hop


You were on level 5 of the Dungeon.
You were very hungry.

You visited 1 branch of the dungeon, and saw 5 of its levels.

You collected 199 gold pieces.

Inventory:

Hand Weapons
 a - a +0 spear of pain (weapon)
 c - a +2 quarterstaff of chaos
Armour
 b - a +1 buckler (worn)
 f - a +0 cloak (worn)
 i - a +0 leather armour (worn)
 k - a +0 pair of boots (worn)
 o - a +0 helmet (worn)
Jewellery
 d - a +2 ring of slaying (left hand)
 g - a ring of wizardry (right hand)
 m - an uncursed ring of positive energy
Scrolls
 j - a scroll of remove curse
 l - a scroll of identify
Potions
 n - a potion of curing
Comestibles
 e - 6 rations


   Skills:
 + Level 2.9 Fighting
 + Level 2.4 Polearms
 - Level 2.0 Armour
 - Level 3.0 Dodging
 - Level 2.0 Stealth
 + Level 2.5 Shields
 - Level 3.0 Spellcasting
 + Level 5.7 Summonings
 + Level 1.4 Translocations
 + Level 1.7 Ice Magic


You had 4 spell levels left.
You knew the following spells:

 Your Spells              Type           Power        Failure   Level  Hunger
b - Blink                 Tloc           N/A          10%         2    ##.....
c - Apportation           Tloc           #.....       6%          1    #......
d - Summon Ice Beast      Ice/Summ       ##......     24%         4    #####..

Your spell library contained the following spells:

 Spells                   Type           Power        Failure   Level  Hunger
 Summon Small Mammal      Summ           ###.         1%          1    #......
 Call Imp                 Summ           ###.....     1%          2    ##.....
 Call Canine Familiar     Summ           ###.....     3%          3    ###....
 Summon Guardian Golem    Hex/Summ       ##......     11%         3    ###....
 Animate Skeleton         Necr           N/A          12%         1    #......
 Confusing Touch          Hex            #.....       12%         1    #......
 Magic Dart               Conj           #...         12%         1    #......
 Slow                     Hex            #.......     17%         2    ##.....
 Conjure Flame            Conj/Fire      #.......     32%         3    ###....
 Mephitic Cloud           Conj/Pois/Air  #.......     32%         3    ###....
 Summon Lightning Spire   Summ/Air       ##......     32%         4    #####..


Dungeon Overview and Level Annotations

Branches:
Dungeon (5/15)             Temple (0/1) D:4

Altars:
Gozag


Innate Abilities, Weirdness & Mutations

Shadows flee at your approach. (+LOS)
You can swim through water.
You cover ground slowly.
You can hop short distances.


Message History

Ouch! That really hurt!
* * * LOW HITPOINT WARNING * * *
Found a scroll of identify.
A gnoll comes into view. It is wielding a flail.
Hop to where?
Press: ? - help, Dir - move target cursor, p - ogre Boing!
Okay, then.
The ogre hits you but does no damage. The ogre barely misses you.
Your magical contamination has completely faded away.
Casting: Summon Ice Beast (slightly dangerous; 24% risk of failure)
Confirm with . or Enter, or press ? or * to list all spells.
You miscast Summon Ice Beast.
You are very lightly contaminated with residual magic.
Strange energies run through your body.
You hit the ogre.
The ogre is lightly wounded.
The ogre hits you with a giant club!!
You die...

### ..# #.#
##########
#######.#
.........#
#.......#
######...#
#@O.....# #...#
#.......# ####
#...#############.#
.... #..........#
#.# .....
#..........#
##.###.....
#..........#
#...........
#..........#
#...........
#..........#
#..........
#..........#
#........##


You could see an ogre.

Vanquished Creatures
  2 orc wizards (D:3)
  Crazy Yiuf (D:4)
  A jelly (D:4)
  An iguana (D:4)
  Natasha (D:2)
  A hound skeleton (D:4)
  Robin (D:3)
  5 adders
  6 oozes (D:4)
  A worm (D:2)
  5 orcs
  2 giant cockroaches
  4 hobgoblins (D:3)
  3 jackals (D:4)
  A quokka (D:3)
  6 bats
  3 frilled lizards
  11 goblins
  12 kobolds
  6 rats
73 creatures vanquished.

Vanquished Creatures (collateral kills)
  A scorpion (D:4)
  2 jellies (D:4)
  Natasha (twice) (D:2)
  An adder (D:4)
  2 oozes (D:4)
  A worm (D:4)
  A dart slug (D:1)
  A leopard gecko (D:1)
  2 orcs (D:3)
  3 goblins
  3 hobgoblins (D:1)
  A frilled lizard (D:2)
  A leopard gecko skeleton (D:4)
21 creatures vanquished.

Vanquished Creatures (others)
  5 fungi (D:4)
  10 toadstools (D:4)
15 creatures vanquished.

Grand Total: 109 creatures vanquished

Notes
Turn   | Place    | Note
-------+----------+-------------------------------------------
     0 | D:1      | Rrauwl the Barachi Summoner began the quest for the Orb.
     0 | D:1      | Reached XP level 1. HP: 13/13 MP: 3/3
   752 | D:1      | Reached XP level 2. HP: 7/20 MP: 3/5
  1233 | D:2      | Learned a level 2 spell: Blink
  1464 | D:2      | Noticed Natasha
  1486 | D:2      | Killed Natasha
  1486 | D:2      | Reached skill level 1 in Fighting
  1486 | D:2      | Reached skill level 1 in Shields
  1486 | D:2      | Reached skill level 5 in Summonings
  1486 | D:2      | Reached XP level 3. HP: 19/26 MP: 4/6
  1590 | D:2      | Reached skill level 1 in Armour
  1616 | D:2      | Noticed Natasha
  1631 | D:2      | Killed Natasha
  1631 | D:2      | Reached XP level 4. HP: 14/32 MP: 7/7
  2009 | D:2      | Noticed Natasha
  2018 | D:2      | Killed Natasha
  2018 | D:2      | Reached skill level 1 in Polearms
  2428 | D:3      | Reached XP level 5. HP: 31/38 MP: 4/9
  2583 | D:3      | Noticed Robin
  2622 | D:3      | Killed Robin
  2910 | D:4      | Learned a level 1 spell: Apportation
  2915 | D:4      | Learned a level 4 spell: Summon Ice Beast
  2955 | D:4      | Found a staircase to the Ecumenical Temple.
  3084 | D:4      | Reached XP level 6. HP: 42/44 MP: 10/10
  3167 | D:4      | Found a runed door.
  3172 | D:4      | Noticed Crazy Yiuf
  3178 | D:4      | Killed Crazy Yiuf
  3288 | D:4      | Noticed a hellwing
  3473 | D:4      | Reached skill level 1 in Ice Magic
  3693 | D:4      | Reached skill level 1 in Translocations
  4004 | D:5      | Entered Level 5 of the Dungeon
  4010 | D:5      | Found an opulent altar of Gozag.
  4209 | D:5      | Mangled by an ogre

Vault maps used:
D:1:      dpeg_arrival_round_c, minmay_door_square
D:2:      uniq_natasha
D:3:      first_ration, uniq_robin
D:4:      cheibrodos_fertilizer, minmay_temple_entry_from_below_a, st_stairs_5,
          minmay_misc_feat_cross, uniq_crazy_yiuf_cottage
D:5:      grunt_gozag_breadcrumbs, uniq_blork_the_orc

Skill      XL: |  1  2  3  4  5  6 |
---------------+-------------------+-----
Stealth        | 2 |  2.0
Fighting       | 1 2 |  2.9
Shields        | 1 2 |  2.5
Summonings     | 5 |  5.7
Armour         | 1 2 |  2.0
Polearms       | 1 2 |  2.4
Dodging        | 3 |  3.0
Spellcasting   | 3 |  3.0
Ice Magic      | 1 |  1.7
Translocations | 1 |  1.4

Action                   |  1- 3 |  4- 6 || total
-------------------------+-------+-------++-------
Melee: Unarmed           |    30 |       ||    30
       Spear             |    60 |   237 ||   297
 Cast: Summon Small Mamm |    14 |    24 ||    38
       Summon Ice Beast  |       |     8 ||     8
 Abil: Hop               |       |     1 ||     1
  Use: Scroll            |     7 |     5 ||    12
       Potion            |     4 |     4 ||     8
 Stab: Sleeping          |     3 |     5 ||     8
       Distracted        |       |     1 ||     1
  Eat: Chunk             |     3 |     8 ||    11
       Ration            |       |     1 ||     1
Armor: Robe              |    15 |    17 ||    32
       Leather armour    |       |    21 ||    21
Dodge: Dodged            |    33 |    82 ||   115
Block: Buckler           |     4 |    37 ||    41

Table legend:
 A = Non-vault XP
 B = Vault XP
 C = Vault XP percentage of total XP
 D = Non-vault monster count
 E = Vault monster count
 F = Vault count percentage of total count
                 A         B        C        D         E       F
            +---------+---------+-------+---------+---------+-------
      Total |     375 |     230 |  38.0 |      62 |      32 |  34.0
            +---------+---------+-------+---------+---------+-------
        D:1 |      12 |       0 |   0.0 |      10 |       0 |   0.0
        D:2 |      77 |      25 |  24.5 |      12 |       1 |   7.7
        D:3 |     131 |      28 |  17.6 |      25 |      11 |  30.6
        D:4 |     154 |     177 |  53.5 |      14 |      20 |  58.8
        D:5 |       1 |       0 |   0.0 |       1 |       0 |   0.0
            +---------+---------+-------+---------+---------+-------
